 Dungeon Crawl Stone Soup version 0.31-a0-536-ga3e2962e35 (webtiles) character file.

Game seed: 15773335842064758346

9 Ethylacetat the Slasher (level 2, 0/19 HPs)
             Began as an Octopode Gladiator on Aug 13, 2023.
             Killed from afar by Sigmund (8 damage)
             ... with a magic dart
             ... on level 2 of the Dungeon.
             The game lasted 00:00:26 (535 turns).

Ethylacetat the Slasher (Octopode Gladiator)         Turns: 535, Time: 00:00:26

Health: 0/19       AC:  1    Str: 13    XL:     2   Next: 16%
Magic:  2/2        EV: 14    Int: 10    God:
Gold:   56         SH:  0    Dex: 13    Spells: 1/1 levels left

rFire   . . .        a - +0 long sword
rCold   . . .        (no shield)
rNeg    . . .        b - +0 hat
rPois   .            (no amulet)
rElec   .            (no ring)
rCorr   .            (no ring)
SInv    .            (no ring)
Will    .....        (no ring)
Stlth   ++           (no ring)
HPRegen 0.23/turn    (no ring)
MPRegen 0.08/turn    (no ring)
                     (no ring)

%: no passive effects
@: confused
A: almost no armour, amphibious, 8 rings, camouflage 1, gelatinous body 1,
(nimble swimmer 1), tentacles
a: no special abilities


You were on level 2 of the Dungeon.
You visited 1 branch of the dungeon, and saw 2 of its levels.

You collected 56 gold pieces.

Inventory:

Hand Weapons
 a - a +0 long sword (weapon)
Missiles
 c - 3 throwing nets (quivered)
 d - a javelin
Armour
 b - a +0 hat (worn)
Scrolls
 e - a scroll of blinking {unknown}
 f - a scroll of silence {unknown}
 h - a scroll of revelation {unknown}
 i - a scroll of teleportation {unknown}
 j - a scroll of noise {unknown}
 l - 2 scrolls of identify {unknown}
Potions
 g - a potion of heal wounds {unknown}
 k - a potion of magic {unknown}
 m - a potion of mutation {unknown}


   Skills:
 + Level 2.2 Fighting
 + Level 3.1 Long Blades
 - Level 2.0 Throwing
 + Level 3.1 Dodging
 + Level 1.1 Stealth


You had one spell level left.
You didn't know any spells.
Your spell library was empty.

Dungeon Overview and Level Annotations

Branches:
Dungeon (2/15)

Altars:

Annotations:
D:2 Sigmund


Innate Abilities, Weirdness & Mutations

You cannot wear most types of armour.
You are amphibious.
You can wear up to eight rings at the same time.
Your skin changes colour to match your surroundings (Stealth+).
Your rubbery body absorbs attacks. (AC +1, EV +1)
((You are camouflaged when in or above water. (Stealth+)))
You have tentacles for arms and can constrict up to eight enemies at once.


Message History

Done exploring.
No target in view!
No target in view!
Done exploring.
No target in view!
Done exploring.
No target in view!
Done exploring.
There is a stone staircase leading down here.
You climb downwards.
Found a scroll labelled COQUCOI DUWNUVAN and 5 stones.
There is a stone staircase leading up here.
There's nothing to open nearby.
There are monsters nearby!
Found a stone staircase leading down.
Sigmund shouts!
The hobgoblin shouts!
There are monsters nearby!
You barely miss the hobgoblin. You grab the hobgoblin.
You squeeze the hobgoblin.
The hobgoblin is almost dead.
You constrict the hobgoblin.
You kill the hobgoblin!
A frilled lizard comes into view.
Sigmund gestures at you while chanting.
You are confused.
You see here a hobgoblin corpse.
Sigmund is nearby!
You are too confused!
You are too confused!
You are too confused!
You're too confused to move!
You're too confused to move!
Sigmund casts a spell at you. The puff of flame hits you!
Ouch! That really hurt!
You can't go up here!
You're too confused to move!
Sigmund casts a spell at you. The magic dart hits you!
You die...

#. ##.# ## ...
. # ..# .###.
#. #.. #.....
...##..##.....#
.......@.....>#
#.#†......#
...##..@##....#
.......<.......
.........#.....
..##.....l...?.
. .............
##.#.##...^...
#..#. ##.....
#.# #. (.... #.
#. #.##.


You could see Sigmund and a frilled lizard (wandering).

Vanquished Creatures
  A ball python (D:1)
  An endoplasm (D:1)
  2 hobgoblins
  A kobold (D:1)
  A bat (D:1)
  3 rats (D:1)
9 creatures vanquished.

Notes
Turn   | Place    | Note
-------+----------+-------------------------------------------
     0 | D:1      | Ethylacetat the Octopode Gladiator began the quest for the
                  | Orb.
     0 | D:1      | Reached XP level 1. HP: 14/14 MP: 1/1
     0 | D:1      | Noticed a gargoyle
     0 | D:1      | Noticed a vampire
     1 | D:1      | Noticed a demigod
     3 | D:1      | Noticed a merfolk
     5 | D:1      | Noticed a draconian
     7 | D:1      | Noticed a vine stalker
     9 | D:1      | Noticed a dwarf
    11 | D:1      | Noticed a dwarf
    11 | D:1      | Noticed a troll
    13 | D:1      | Noticed a demonspawn
    13 | D:1      | Noticed an octopode
    15 | D:1      | Noticed a vampire
    15 | D:1      | Noticed a dwarf
    17 | D:1      | Noticed a spriggan
    17 | D:1      | Noticed a minotaur
    17 | D:1      | Noticed an elf
    19 | D:1      | Noticed a barachi
    19 | D:1      | Noticed a human
   248 | D:1      | Reached XP level 2. HP: 18/19 MP: 2/2
   326 | D:1      | Reached skill level 1 in Stealth
   528 | D:2      | Noticed Sigmund
   535 | D:2      | Killed from afar by Sigmund

Illustrated notes

Levels and vault maps discovered:
D:1:      shiori_arrival_whats_in_store_for_you, layout_rooms,
          minmay_pentomino_p2
D:2:      layout_rooms, interstate_on_off, uniq_sigmund

Skill      XL: |  1  2 |
---------------+-------+-----
Stealth        | 1 |  1.1
Fighting       | |  2.2
Long Blades    | |  3.1
Throwing       | |  2.0
Dodging        | |  3.1

Action                     || total
---------------------------++-------
  Melee: Long sword        ||    17
         Constrict         ||     2
         Tentacles         ||     2
   Stab: Sleeping          ||     3
 Armour: Skin              ||     1
  Dodge: Dodged            ||    12

Table legend: (Time is in decaauts)
 A = Elapsed time spent in this place.
 B = Non-inter-level travel time spent in this place.
 C = Inter-level travel time spent in this place.
 D = Time resting spent in this place.
 E = Time spent auto-exploring this place.
 F = Levels seen in this place.
 G = Mean time per level.
                   A        B        C        D        E       F      G
               +--------+--------+--------+--------+--------+-----+--------+
         Total |    539 |    525 |     14 |      0 |    455 |   2 |  269.5 |
       Dungeon |    539 |    525 |     14 |      0 |    455 |   2 |  269.5 |
               +--------+--------+--------+--------+--------+-----+--------+

Top non-repeatable levels by time:
     D:1: 532 daAuts
     D:2: 7 daAuts
